 Seeded DCSS version 0.31.0-11-ge490571c62 (webtiles) character file.

Game seed: 13593338404742656344 (custom seed)

23286 CInkIbrahim the Severer (level 12, -8/94 HPs)
             Began as a Demonspawn Gladiator on Feb 11, 2024.
             Was an Initiate of Gozag.
             Mangled by a cane toad (20 damage)
             ... on level 2 of the Lair of Beasts.
             The game lasted 00:22:27 (14704 turns).

CInkIbrahim the Severer (Demonspawn Gladiator)     Turns: 14704, Time: 00:22:27

Health: -8/94      AC: 36    Str: 22    XL:     12   Next: 70%
Magic:  12/12      EV:  8    Int:  9    God:    Gozag
Gold:   613        SH:  0    Dex: 20    Spells: 11/11 levels left

rFire   + . .        a - +0 broad axe (flame)
rCold   + . .        (no shield)
rNeg    . . .        D - +10 gold dragon scales of Analysis {+Blink rPois rF+ rC+ Str+2}
rPois   +            B - +2 helmet
rElec   .            T - +2 cloak
rCorr   .            (gloves unavailable)
SInv    +            v - +1 pair of boots
Will    +....        g - amulet of the acrobat Stlth
                     k - +6 ring of dexterity
HPRegen 0.35/turn    w - ring of see invisible
MPRegen 0.13/turn

%: acrobat
@: mighty, gold aura
A: repulsion field 2, powered by pain 2, demonic magic 1, demonic willpower,
demonic touch 3
a: Renounce Religion, Evoke Blink, Potion Petition, Call Merchant, Bribe Branch


You were on level 2 of the Lair of Beasts.
You worshipped Gozag.
Gozag was pleased with you.
You visited 4 branches of the dungeon, and saw 16 of its levels.
You also visited: Volcano.

You collected 2956 gold pieces.
You spent 1739 gold pieces at shops.
You paid 604 gold pieces to Gozag.

Inventory:

Hand Weapons
 a - a +0 broad axe of flaming (weapon)
 b - a +2 great mace of flaming
 P - a +2 trident of venom
 S - a +0 war axe
 W - a +1 hand axe of freezing
Missiles
 d - 3 throwing nets (quivered)
 e - 8 javelins
 L - 2 curare-tipped darts
Armour
 v - a +1 pair of boots (worn)
 B - a +2 helmet (worn)
 D - the +10 gold dragon scales of Analysis (worn) {+Blink rPois rF+ rC+ Str+2}
   (You bought it in a shop on level 1 of the Dungeon)

   Str+2:     It affects your strength (+2).
   rF+:       It protects you from fire.
   rC+:       It protects you from cold.
   rPois:     It protects you from poison +Blink: It lets you blink.
 O - an orb of wrath
 T - a +2 cloak (worn)
 Y - a +0 buckler
Jewellery
 c - a ring of flight
 g - an amulet of the acrobat (around neck)
 j - a ring of protection from cold
 k - a +6 ring of dexterity (left hand)
 m - a ring of protection from fire
 w - a ring of see invisible (right hand)
 z - a ring of willpower
 E - a ring of positive energy
 N - an amulet of reflection
 Q - a ring of poison resistance
Talismans
 q - a serpent talisman
 y - a flux talisman
 K - a blade talisman
Wands
 s - a wand of charming (5)
 u - a wand of flame (22)
 M - a wand of iceblast (2)
 U - a wand of polymorph (5)
Scrolls
 i - 2 scrolls of fear
 l - a scroll of revelation
 o - 3 scrolls of enchant armour
 p - 2 scrolls of vulnerability {unknown}
 r - a scroll of silence {unknown}
 t - 3 scrolls of amnesia
 x - 11 scrolls of teleportation
 A - 2 scrolls of blinking
 C - a scroll of enchant weapon
 F - 2 scrolls of poison
 H - 3 scrolls of noise
 J - a scroll of fog
 V - a scroll of immolation {unknown}
Potions
 f - a potion of curing
 h - 3 potions of enlightenment
 n - 4 potions of brilliance
 G - a potion of attraction {unknown}
 I - 2 potions of heal wounds
 R - 3 potions of mutation
 X - 3 potions of cancellation {unknown}
 Z - a potion of resistance {unknown}


   Skills:
 + Level 8.4 Fighting
 - Level 16.0 Axes
 - Level 1.7 Throwing
 * Level 9.2 Armour
 - Level 2.6 Dodging


You had 11 spell levels left.
You didn't know any spells.
Your spell library contained the following spells:

 Spells                   Type           Power      Damage    Failure   Level
 Freeze                   Ice            0%         1d3       100%        1
 Shock                    Conj/Air       0%         1d3       100%        1
 Lesser Beckoning         Tloc           0%         N/A       100%        2
 Mercury Vapours          Alch/Air       0%         N/A       100%        2
 Frozen Ramparts          Ice            0%         1d1       100%        3
 Gell's Gravitas          Tloc           0%         N/A       100%        3
 Hailstorm                Conj/Ice       0%         3d5       100%        3
 Mephitic Cloud           Conj/Alch/Air  0%         N/A       100%        3
 Swiftness                Air            0%         N/A       100%        3
 Teleport Other           Tloc           0%         N/A       100%        3
 Volatile Blastmotes      Fire/Tloc      0%         2d10      100%        3
 Airstrike                Air            0%         2d(0-16)  100%        4
 Brom's Barrelling Bould  Conj/Erth      0%         2d3       100%        4
 Cause Fear               Hex            0%         N/A       100%        4
 Fulminant Prism          Conj/Alch      0%         3d5       100%        4
 Iskenderun's Mystic Bla  Conj/Tloc      0%         2d3       100%        4
 Fireball                 Conj/Fire      0%         3d3       100%        5
 Freezing Cloud           Conj/Ice/Air   0%         6-21      100%        5
 Iskenderun's Battlesphe  Conj           0%         2d6       100%        5
 Conjure Ball Lightning   Conj/Air       0%         3x3d6     100%        6
 Orb of Destruction       Conj           0%         9d5       100%        7
 Dragon's Call            Summ           0%         N/A       100%        9


Dungeon Overview and Level Annotations

Branches:
Dungeon (11/15)            Temple (1/1) D:6            Lair (2/5) D:11
  Swamp (0/4) Lair:2          Orc (2/2) D:10        Volcano (visited)
  Snake: Lair:2-3    Spider: Lair:2-3       Elf: Orc:2

Altars:
Ashenzari
Cheibriados
Dithmenos
Fedhas
Gozag
Hepliaklqana
Kikubaaqudgha
Makhleb
Nemelex Xobeh
Okawaru
Qazlal
Ru
Sif Muna
Trog
Uskayaw
Vehumet
Wu Jian
Xom
Yredelemnul

Shops:
D:1 *[[   D:3 =   D:10 ?

Annotations:
D:7 1 runed translucent door, bearlyready's ghost, novice OpSh


Innate Abilities, Weirdness & Mutations

You are surrounded by a moderate repulsion field. (EV +3)
You sometimes gain power by taking damage.
Spells you cast may paralyse adjacent enemies.
You punish those that try to bend your will. (Will+)
Your touch may irresistibly damage your foes and sap their willpower.


Message History

You slice the cane toad!! You burn the cane toad.
You kill the cane toad!
Your Armour skill increases to level 9!
Found a staircase to the Swamp.
The spriggan druid calls out to the beasts of the wild!
You see here 7 gold pieces.
You closely miss the cane toad.
You touch the cane toad!
You sap its willpower!
The cane toad is moderately wounded.
The cane toad stings you but does no damage.
You hit the cane toad. You burn the cane toad.
The cane toad is moderately wounded.
The cane toad stings you!
You slash the cane toad! You burn the cane toad.
You touch the cane toad.
You sap its willpower!
The cane toad is severely wounded.
You slice the spriggan druid!! You burn the spriggan druid!
The spriggan druid is severely wounded.
The spriggan druid hits you but does no damage.
You closely miss the spriggan druid.
The spriggan druid is severely wounded.
The spriggan druid hits you but does no damage.
You hit the spriggan druid. You burn the spriggan druid.
You touch the spriggan druid!
With its final breath, the spriggan druid offers up its power to the beasts of the wild!
The cane toad is healed.
The cane toad seems to grow more fierce.
You kill the spriggan druid!
You slash the cane toad! You burn the cane toad.
The cane toad is heavily wounded.
The cane toad stings you but does no damage.
You slash the cane toad! You burn the cane toad.
Your touch misses the cane toad.
The cane toad is almost dead.
The cane toad stings you!!
* * * LOW HITPOINT WARNING * * *
You closely miss the cane toad. Your touch misses the cane toad.
The cane toad is almost dead.
The cane toad stings you!!
You die...
Your body crumbles into a pile of gold.

...........#**♣♣♣♣♣♣♣♣♣♣♣........
...........#******,,*,* ♣........
............*,*,,,*,,***♣........
.......,,,,,,,**,**,,§,*♣........
.......,,,,,,,*,,,,,,,§§♣........
.......,,,,*****,,,,§§§§♣........
.......,,,,* ♣♣♣,♣.§§§♣........
.........,,* ♣♣.♣.....§♣........
...........* ♣.@F.♣§,,,*,,,.....
...........*##♣.$♣.♣*,*,*,,,,....
...........P#..♣♣♣♣♣♣♣♣♣*........
...........P#...........,........
...........###.......P#..........
...........P.........##..##......
......................#...#......
.....#...........................
....###.#...##...........PP......


You could see a cane toad (strong, weak-willed).

Vanquished Creatures
  A red draconian (Volcano)
  An ogre mage (Volcano)
  10 two-headed ogres
  Erica (Orc:1)
  Urug (Orc:1)
  2 spriggan druids (Lair:2)
  A necromancer (Lair:2)
  5 cane toads
  A gargoyle (D:11)
  4 komodo dragons
  An unseen horror (D:10)
  A kobold demonologist (D:9)
  3 trolls
  A polar bear (Lair:2)
  3 hornets
  3 blink frogs (Lair:2)
  2 shadows
  3 wyverns
  2 basilisks (Lair:2)
  2 wraiths
  8 yaks
  2 steam dragons
  2 vampire mosquitoes (D:11)
  A warg (Orc:1)
  8 water moccasins
  An acid dragon (D:10)
  2 ice beasts
  2 black bears
  5 orc warriors
  2 sky beasts (D:6)
  An ogre (Orc:1)
  2 centaurs (D:10)
  2 kobold brigands
  7 bullfrogs
  2 gnoll sergeants
  A scorpion (D:5)
  19 killer bees
  A howler monkey (D:9)
  4 bombardier beetles
  2 hounds (D:7)
  12 orc priests
  A sleepcap (D:7)
  A gnoll bouda (D:6)
  Terence (D:3)
  3 iguanas
  11 orc wizards
  2 polar bear simulacra (Lair:2)
  4 yak simulacra (Lair:2)
  2 wolf simulacra (Lair:2)
  11 gnolls
  6 adders
  2 river rats (Lair:2)
  3 shadow imps
  A white imp (D:6)
  4 ufetubi
  2 dart slugs
  36 orcs
  8 endoplasms
  5 giant cockroaches
  5 goblins
  8 hobgoblins
  2 jackals (D:5)
  2 quokkas
  3 ball pythons
  3 bats
  5 frilled lizards
  7 kobolds
  2 rats
  3 river rat simulacra (Lair:2)
277 creatures vanquished.

Notes
Turn   | Place    | Note
-------+----------+-------------------------------------------
     0 | D:1      | CInkIbrahim the Demonspawn Gladiator began the quest for
                  | the Orb.
     0 | D:1      | Reached XP level 1. HP: 16/16 MP: 1/1
   271 | D:1      | Reached skill level 3 in Axes
   284 | D:1      | Found Rinotatiod's Armour Boutique.
   325 | D:1      | Gained mutation: You are surrounded by a mild repulsion
                  | field. (EV +2) [demonic ancestry]
   325 | D:1      | Reached XP level 2. HP: 22/22 MP: 2/2
   429 | D:1      | Found Zaenk's Armour Shop.
   537 | D:1      | Found Pikliov's General Store.
   547 | D:1      | Bought a scroll of identify for 22 gold pieces
   672 | D:2      | Gained mutation: Spells you cast may paralyse adjacent
                  | enemies. [demonic ancestry]
   672 | D:2      | Reached XP level 3. HP: 27/27 MP: 3/3
   746 | D:2      | Reached skill level 4 in Axes
  1538 | D:3      | Noticed Terence
  1548 | D:3      | Killed Terence
  1549 | D:3      | Gained mutation: You sometimes gain a little power by
                  | taking damage. [demonic ancestry]
  1549 | D:3      | Reached XP level 4. HP: 27/33 MP: 4/4
  1618 | D:3      | Reached skill level 5 in Axes
  1628 | D:3      | Gained mutation: Your touch may inflict minor irresistible
                  | damage on your foes. [demonic ancestry]
  1628 | D:3      | Reached XP level 5. HP: 35/38 MP: 5/5
  1697 | D:3      | Found Kihunof's Jewellery Boutique.
  1970 | D:3      | Found a broken altar of Ashenzari.
  2495 | D:4      | Reached skill level 6 in Axes
  2870 | D:5      | Entered Level 5 of the Dungeon
  2873 | D:5      | Gained mutation: You are surrounded by a moderate repulsion
                  | field. (EV +3) [demonic ancestry]
  2873 | D:5      | Reached XP level 6. HP: 44/44 MP: 6/6
  2893 | D:5      | Noticed a water moccasin
  2893 | D:5      | Noticed a water moccasin
  2911 | D:5      | Killed a water moccasin
  2913 | D:5      | Killed a water moccasin
  2914 | D:5      | Reached skill level 7 in Axes
  2916 | D:5      | Reached XP level 7. HP: 11/50 MP: 7/7
  3621 | D:5      | Reached skill level 8 in Axes
  3801 | D:5      | Identified the serpent talisman of a volcano {Str+3 Int+3
                  | Slay-3}
  4344 | D:6      | Reached skill level 9 in Axes
  4344 | D:6      | Reached XP level 8. HP: 38/56 MP: 8/8
  4431 | D:6      | Found a staircase to the Ecumenical Temple.
  4444 | Temple   | Entered the Ecumenical Temple
  4450 | Temple   | Became a worshipper of Gozag Ym Sagoz the Greedy
  4922 | D:7      | Reached skill level 10 in Axes
  5017 | D:7      | Noticed bearlyready's ghost (novice OpSh)
  5428 | D:7      | Noticed a hornet
  5434 | D:7      | Paralysed by a hornet for 1 turns
  5436 | D:7      | Killed a hornet
  5437 | D:7      | Reached skill level 11 in Axes
  5671 | D:7      | Found a runed translucent door.
  5686 | D:7      | Gained mutation: Your touch may inflict irresistible damage
                  | on your foes. [demonic ancestry]
  5686 | D:7      | Reached XP level 9. HP: 15/61 MP: 9/9
  6340 | D:8      | Found a stormy altar of Qazlal.
  6341 | D:8      | Found a shimmering blue altar of Sif Muna.
  6341 | D:8      | Found an iron altar of Okawaru.
  6453 | D:8      | Reached skill level 12 in Axes
  7188 | D:9      | Noticed a two-headed ogre
  7194 | D:9      | Killed a two-headed ogre
  7195 | D:9      | Reached skill level 13 in Axes
  7423 | D:9      | Found a hazy altar of Hepliaklqana.
  7468 | D:9      | Noticed a kobold demonologist
  7473 | D:9      | Noticed a sixfirhy
  7483 | D:9      | Killed a kobold demonologist
  7484 | D:9      | Gained mutation: Your touch may irresistibly damage your
                  | foes and sap their willpower. [demonic ancestry]
  7484 | D:9      | Reached XP level 10. HP: 32/67 MP: 10/10
  7991 | D:10     | Entered Level 10 of the Dungeon
  8106 | D:10     | Reached skill level 14 in Axes
  8241 | D:10     | Paralysed by a hornet for 3 turns
  8771 | D:10     | Noticed a two-headed ogre
  8782 | D:10     | Killed a two-headed ogre
  8812 | D:10     | Reached skill level 15 in Axes
  9069 | D:10     | Found Rocheta's Magic Scroll Shop.
  9072 | D:10     | Bought a scroll of identify for 32 gold pieces
  9072 | D:10     | Bought a scroll of identify for 32 gold pieces
  9072 | D:10     | Bought a scroll of identify for 32 gold pieces
  9072 | D:10     | Bought a scroll of identify for 32 gold pieces
  9072 | D:10     | Bought a scroll of noise for 16 gold pieces
  9117 | D:10     | Found a staircase to the Orcish Mines.
  9376 | D:10     | Gained mutation: You punish those that try to bend your
                  | will. (Will+) [demonic ancestry]
  9376 | D:10     | Reached XP level 11. HP: 60/72 MP: 11/11
  9538 | Orc:1    | Entered Level 1 of the Orcish Mines
  9538 | Orc:1    | Noticed Erica
  9546 | Orc:1    | Killed Erica
  9613 | Orc:1    | Noticed a two-headed ogre
  9626 | Orc:1    | Killed a two-headed ogre
  9627 | Orc:1    | Reached skill level 16 in Axes
  9629 | Orc:1    | Reached skill level 1 in Armour
 10244 | Orc:1    | Noticed Urug
 10267 | Orc:1    | Killed Urug
 10508 | Orc:2    | Entered Level 2 of the Orcish Mines
 10509 | Orc:2    | Noticed an orc knight
 10800 | D:11     | Noticed a two-headed ogre
 10808 | D:11     | Killed a two-headed ogre
 11308 | D:11     | Identified the +0 robe of Okawaru's Hope {Dex+2}
 11379 | D:11     | Found a staircase to the Lair.
 11571 | Lair:1   | Entered Level 1 of the Lair of Beasts
 11673 | Lair:1   | Reached skill level 5 in Fighting
 12261 | D:1      | Bought the +10 gold dragon scales of Analysis {+Blink rPois
                  | rF+ rC+ Str+2} for 1573 gold pieces
 12532 | Lair:1   | Reached skill level 5 in Armour
 12921 | Lair:1   | Identified the +6 leather armour of Hedge Wizardry {Str+4
                  | Dex-4 SInv}
 13743 | Lair:2   | Found a dark tunnel.
 13763 | Volcano  | Entered a volcano
 13775 | Volcano  | Noticed a two-headed ogre
 13784 | Volcano  | Killed a two-headed ogre
 13785 | Volcano  | Gained mutation: You sometimes gain power by taking damage.
                  | [demonic ancestry]
 13785 | Volcano  | Reached XP level 12. HP: 88/89 MP: 12/12
 13791 | Volcano  | Noticed an ogre mage
 13793 | Volcano  | Noticed a two-headed ogre
 13793 | Volcano  | Noticed a two-headed ogre
 13793 | Volcano  | Noticed a two-headed ogre
 13819 | Volcano  | Killed a two-headed ogre
 13824 | Volcano  | Killed a two-headed ogre
 13847 | Volcano  | Killed a two-headed ogre
 13850 | Volcano  | Found a radiant altar of Vehumet.
 13853 | Volcano  | Noticed a red draconian
 13859 | Volcano  | Killed an ogre mage
 13871 | Volcano  | Noticed a two-headed ogre
 13872 | Volcano  | Noticed a two-headed ogre
 13882 | Volcano  | Killed a two-headed ogre
 13890 | Volcano  | Killed a two-headed ogre
 13903 | Volcano  | Killed a red draconian
 14236 | Lair:2   | Identified the flux talisman "Ofacuv" {rF+}
 14695 | Lair:2   | Found a staircase to the Swamp.
 14704 | Lair:2   | Mangled by a cane toad

Illustrated notes

Levels and vault maps discovered:
D:1:      shiori_shiawase, layout_loops_ring, serial_shops, shop,
          nicolae_shop_pleasant_corner_grove, nicolae_lakefront_shop,
          dreamdust_ecumenical_altar_hidden_monk_grotto, minivault_4,
          minmay_split_cup_small
D:2:      layout_basic, basic_altar, grunt_ministairs_13
D:3:      layout_loops_cross, ashenzari_altar_1, serial_shops, shop,
          guppyfry_early_orc_mine, uniq_terence
D:4:      layout_loops_cross, minmay_misc_feat_hallway
D:5:      layout_layer_cave, tso_metal_star
D:6:      layout_basic, minmay_temple_entry_glassed_door
D:7:      layout_basic, hellmonk_ghost_happy_afterlife
D:8:      layout_basic, chequers_temple_overflow_statue_of_worship,
          minmay_hedge_maze
D:9:      layout_long_grid, mainiacjoe_overflow_tiny_flanked,
          nicolae_hexahallways
D:10:     layout_small_grid, david_orc_3, serial_shops, nicolae_shop_rolled_up,
          minmay_joined_circles
D:11:     layout_layer_cave, lair_entry_dummy, solitary_fountain
Temple:   nicolae_temple_no_exploring_needed
Lair:1:   layout_cellular_growth, serial_bayou_pond_b, lemuel_old_faithful
Lair:2:   layout_long_grid, mainiacjoe_swamp_entry_angry_trees,
          lightli_volcano_entry_magma_tube, eino_house_with_fridge
Orc:1:    layout_caves, uniq_urug, uniq_erica
Orc:2:    st_orc_pillars, layout_diamond_mine, basic_altar, uniq_sonja,
          uniq_snorg

Skill      XL: |  1  2  3  4  5  6  7  8  9 10 11 12 |
---------------+-------------------------------------+-----
Axes           | 3 4 5 6 7 9 11 13 15 16 | 16.0
Armour         | 6 9 |  9.2
Fighting       | 6 8 |  8.4
Throwing       | |  1.7
Dodging        | |  2.6

Action                     |  1- 3 |  4- 6 |  7- 9 | 10-12 || total
---------------------------+-------+-------+-------+-------++-------
  Melee: War axe           |    73 |   109 |   263 |   412 ||   857
         Punch             |       |     1 |     3 |     5 ||     9
         Touch             |       |    16 |    64 |   127 ||   207
         Broad axe         |       |       |       |    79 ||    79
  Throw: Throwing net      |     1 |       |     2 |     4 ||     7
 Invoke: Potion Petition   |       |       |     1 |       ||     1
    Use: Scroll            |     1 |       |     7 |     9 ||    17
         Potion            |       |     4 |     3 |    11 ||    18
   Stab: Sleeping          |     1 |       |       |       ||     1
         Invisible         |       |     8 |       |       ||     8
         Distracted        |       |       |     2 |     5 ||     7
         Held in net/web   |       |       |       |     6 ||     6
 Armour: Leather armour    |    25 |       |       |       ||    25
         Chain mail        |       |    67 |   191 |   231 ||   489
         Gold dragon scale |       |       |       |   106 ||   106
  Dodge: Dodged            |    58 |    76 |   162 |   273 ||   569
